 Dungeon Crawl Stone Soup version 0.30-a0-134-gb40fab5c76 (webtiles) character file.

Game seed: 2960434640622513177

228 Kinoniko the Slasher (level 6, -15/47 HPs)
             Began as a Formicid Fighter on Sept 20, 2022.
             Demolished by an ogre
             ... wielding a +0 giant club
              (19 damage)
             ... on level 4 of the Dungeon.
             The game lasted 00:02:14 (3182 turns).

Kinoniko the Slasher (Formicid Fighter)             Turns: 3182, Time: 00:02:14

Health: -15/47     AC:  9    Str: 20    XL:     6   Next: 23%
Magic:  6/6        EV: 11    Int:  8    God:
Gold:   121        SH:  5    Dex: 15    Spells: 5/5 levels left

rFire   . . .      SeeInvis +    a - +0 long sword
rCold   . . .      Faith    .    c - +0 buckler
rNeg    . . .      Spirit   .    f - +0 chain mail
rPois   .          Reflect  .    (helmet unavailable)
rElec   .          Harm     .    (no cloak)
rCorr   .          Rampage  .    (no gloves)
Will    .....                    (no boots)
Stlth   ..........               (no amulet)
HPRegen 0.15/turn                o - +4 ring of evasion
MPRegen 0.10/turn                (no ring)

@: mighty
A: permanent stasis, dig shafts and tunnels, antennae 3, four strong arms
a: Dig, Shaft Self


You were on level 4 of the Dungeon.
You visited 1 branch of the dungeon, and saw 4 of its levels.

You collected 121 gold pieces.

Inventory:

Hand Weapons
 a - a +0 long sword (weapon)
Armour
 b - a +0 scale mail
 c - a +0 buckler (worn)
 f - a +0 chain mail (worn)
Jewellery
 o - a +4 ring of evasion (left hand)
 r - an amulet of regeneration
Scrolls
 h - 2 scrolls of amnesia
 m - a scroll of fog
 p - a scroll of poison
Potions
 g - a potion of flight {unknown}
 i - a potion of haste {unknown}
 j - a potion of cancellation {unknown}
 l - 3 potions of curing {unknown}
 q - a potion of lignification {unknown}


   Skills:
 - Level 3.2 Fighting
 * Level 6.1 Long Blades
 - Level 3.2 Armour
 - Level 4.0 Shields


You had 5 spell levels left.
You didn't know any spells.
Your spell library contained the following spells:

 Spells                   Type           Power      Damage    Failure   Level
 Sandblast                Erth           0%         2d4       99%         1
 Passwall                 Tmut/Erth      0%         N/A       100%        2
 Gell's Gravitas          Tloc           0%         N/A       100%        3
 Lesser Beckoning         Tloc           0%         N/A       100%        3
 Stone Arrow              Conj/Erth      0%         3d7       100%        3
 Teleport Other           Tloc           0%         N/A       100%        3
 Dispersal                Tloc           0%         N/A       100%        6
 Disjunction              Tloc           0%         N/A       100%        8


Dungeon Overview and Level Annotations

Branches:
Dungeon (4/15)
 Temple: D:4-7

Altars:
Uskayaw


Innate Abilities, Weirdness & Mutations

You cannot be hasted, slowed, berserked, paralysed or teleported.
You can dig through walls and to a lower floor.
You have a pair of large antennae on your head. (SInv)
Your four strong arms can wield two-handed weapons with a shield.


Message History

You are too injured to fight recklessly!
Unknown command.
Unknown command.
You are too injured to fight recklessly!
You hit the ice beast but do no damage.
The ice beast is moderately wounded.
The gnoll is no longer moving quickly. x2
The gnoll hits you but does no damage. x2; You block the gnoll's attack.
The ice beast hits you but does no damage.
You slash the ice beast!
The ice beast is severely wounded.
The gnoll is no longer moving quickly.
The gnoll closely misses you. The gnoll barely misses you. x2
The ice beast hits you but does no damage.
Unknown command.
You slash the ice beast!
You kill the ice beast!
The gnoll barely misses you. The gnoll hits you with a +0 whip.
* * * LOW HITPOINT WARNING * * *
You block the gnoll's attack.
Your Long Blades skill increases to level 6!
You have reached level 6!
You closely miss the ogre. The gnoll closely misses you.
The gnoll hits you with a +0 whip.
* * * LOW HITPOINT WARNING * * *
The gnoll misses you. You block the ogre's attack. The gnoll misses you.
Unknown command.
You barely miss the ogre. The gnoll barely misses you. x2
The ogre barely misses you.
The gnoll hits you from afar with a +0 spear.
* * * LOW HITPOINT WARNING * * *
You block the gnoll's attack.
Unknown command.
You slash the ogre!
The ogre is heavily wounded.
The gnoll hits you but does no damage. x2; You block the gnoll's attack.
The gnoll hits you with a +0 club.
* * * LOW HITPOINT WARNING * * *
The ogre hits you with a +0 giant club!!
You die...

....... .......g
....... #
#.....## #
#........###.#
....#g.#.....
###...Og..#
...)..#g@..#
#........#..##
..............#
.............###
..............#
..............#
..............#
..............#
.)............#


You could see an ogre and 3 gnolls.

Vanquished Creatures
  An ice beast (D:4)
  A gnoll bouda (D:4)
  4 gnolls
  2 worms (D:3)
  3 dart slugs
  6 orcs (D:3)
  4 bats
  6 endoplasms
  5 giant cockroaches
  A goblin (D:2)
  3 hobgoblins
  2 jackals (D:1)
  2 quokkas
  2 ball pythons (D:3)
  3 frilled lizards (D:1)
  6 kobolds
  5 rats
56 creatures vanquished.

Vanquished Creatures (others)
  2 plants (D:2)
2 creatures vanquished.

Grand Total: 58 creatures vanquished

Notes
Turn   | Place    | Note
-------+----------+-------------------------------------------
     0 | D:1      | Kinoniko the Formicid Fighter began the quest for the Orb.
     0 | D:1      | Reached XP level 1. HP: 18/18 MP: 1/1
    66 | D:1      | Reached XP level 2. HP: 12/24 MP: 2/2
   511 | D:1      | Reached skill level 3 in Long Blades
   818 | D:1      | Reached XP level 3. HP: 29/29 MP: 3/3
  1089 | D:2      | Found a faded altar of an unknown god.
  2140 | D:3      | Reached skill level 4 in Long Blades
  2140 | D:3      | Reached XP level 4. HP: 32/32 MP: 4/4
  2856 | D:3      | Found a hide-covered altar of Uskayaw.
  2870 | D:3      | Reached XP level 5. HP: 39/41 MP: 5/5
  3169 | D:4      | Noticed an ice beast
  3173 | D:4      | Noticed an ogre
  3176 | D:4      | Reached skill level 5 in Long Blades
  3179 | D:4      | Killed an ice beast
  3180 | D:4      | Reached skill level 6 in Long Blades
  3180 | D:4      | Reached XP level 6. HP: 13/47 MP: 6/6
  3182 | D:4      | Demolished by an ogre

Illustrated notes

Levels and vault maps discovered:
D:1:      saegor_arrival_simple_a, layout_basic
D:2:      layout_loops_ring, ebering_ecumenical_altar_petrified,
          serial_bayou_ford_a, glass_columns_a
D:3:      layout_basic, nicolae_uskayaw_murder_on_the_dancefloor,
          eino_tiny_chamber, minmay_between
D:4:      layout_rooms, mainiacjoe_overflow_24_doors,
          minmay_temple_entry_from_below_a, minmay_misc_feat_ornament,
          minmay_pentangle

Skill      XL: |  1  2  3  4  5 |
---------------+----------------+-----
Long Blades    | 3 4 6 |  6.1
Fighting       | |  3.2
Armour         | |  3.2
Shields        | |  4.0

Action                   |  1- 3 |  4- 6 || total
-------------------------+-------+-------++-------
Melee: Long sword        |   112 |    63 ||   175
  Use: Scroll            |       |     5 ||     5
       Potion            |       |     1 ||     1
Armor: Scale mail        |    36 |       ||    36
       Chain mail        |    27 |    27 ||    54
Dodge: Dodged            |    44 |    36 ||    80
Block: Buckler           |    26 |    24 ||    50

Table legend: (Time is in decaauts)
 A = Elapsed time spent in this place.
 B = Non-inter-level travel time spent in this place.
 C = Inter-level travel time spent in this place.
 D = Time resting spent in this place.
 E = Time spent auto-exploring this place.
 F = Levels seen in this place.
 G = Mean time per level.
                   A        B        C        D        E       F      G
               +--------+--------+--------+--------+--------+-----+--------+
         Total |   3239 |   3151 |     88 |      0 |   2721 |   4 |  809.8 |
       Dungeon |   3239 |   3151 |     88 |      0 |   2721 |   4 |  809.8 |
               +--------+--------+--------+--------+--------+-----+--------+

Top non-repeatable levels by time:
     D:3: 1533 daAuts
     D:1: 1097 daAuts
     D:2: 576 daAuts
     D:4: 32 daAuts
